 Seeded DCSS version 0.30-a0-122-g2a1322497e (webtiles) character file.

Game seed: 10213511164608113240 (custom seed)

63 SigmundSlayer the Digger (level 4, -2/36 HPs)
             Began as a Naga Earth Elementalist on Sept 15, 2022.
             Slain by a gnoll
             ... wielding a +0 halberd
              (16 damage)
             ... on level 4 of the Dungeon.
             The game lasted 00:01:36 (1326 turns).

SigmundSlayer the Digger (Naga Earth Elementalist)  Turns: 1326, Time: 00:01:37

Health: -2/36      AC:  2    Str: 10    XL:     4   Next: 10%
Magic:  1/7        EV: 10    Int: 17    God:
Gold:   77         SH:  0    Dex: 12    Spells: 6/7 levels left

rFire   . . .      SeeInvis +    (no weapon)
rCold   . . .      Faith    .    (no shield)
rNeg    . . .      Spirit   .    a - +0 robe
rPois   +          Reflect  .    (no helmet)
rElec   .          Harm     .    (no cloak)
rCorr   .          Rampage  .    (no gloves)
Will    .....                    (no barding)
Stlth   ++........               (no amulet)
HPRegen 0.12/turn                (no ring)
MPRegen 0.10/turn                (no ring)

@: short of breath, very slow
A: AC +1, large, see invisible, deformed body, poison resistance, slowness 2,
spit poison 1, naga tail 1
a: Spit Poison


You were on level 4 of the Dungeon.
You visited 1 branch of the dungeon, and saw 3 of its levels.

You collected 77 gold pieces.

Inventory:

Armour
 a - a +0 robe (worn)
Magical Staves
 k - a staff of fire
Jewellery
 d - a ring of fire
Scrolls
 g - a scroll of acquirement {unknown}
 i - a scroll of teleportation {unknown}
 j - a scroll of fear {unknown}
Potions
 b - a potion of magic
 c - a potion of attraction {unknown}
 e - a potion of mutation {unknown}
 f - a potion of berserk rage {unknown}
 h - 2 potions of curing {unknown}


   Skills:
 - Level 1.5 Dodging
 - Level 3.0 Stealth
 - Level 2.0 Spellcasting
 - Level 1.0 Transmutations
 + Level 4.8 Earth Magic


You had 6 spell levels left.
You knew the following spells:

 Your Spells              Type           Power      Damage    Failure   Level
a - Sandblast             Erth           36%        2d10      2%          1

Your spell library contained the following spells:

 Spells                   Type           Power      Damage    Failure   Level
 Passwall                 Tmut/Erth      9%         N/A       9%          2
 Stone Arrow              Conj/Erth      20%        3d8       22%         3
 Ignite Poison            Fire/Tmut/Pois 2%         N/A       45%         3
 Frozen Ramparts          Ice            2%         1d1       50%         3
 Petrify                  Tmut/Erth      11%        N/A       50%         4
 Ice Form                 Ice/Tmut       3%         N/A       83%         4
 Sticky Flame             Conj/Fire      1%         2d3       88%         4
 Summon Ice Beast         Ice/Summ       1%         N/A       88%         4


Dungeon Overview and Level Annotations

Branches:
Dungeon (2/15)

Altars:


Innate Abilities, Weirdness & Mutations

Your serpentine skin is tough. (AC +1)
You have supernaturally acute eyesight. (SInv)
Armour fits poorly on your strangely shaped body.
Your system is resistant to poisons. (rPois)
You cover ground very slowly.
You can spit poison.
You have a snake-like lower body.


Message History

The gnoll is almost dead.
The blast of sand hits the gnoll!
You kill the gnoll!
You miscast Sandblast.
You are very lightly contaminated with residual magic.
Nothing appears to happen.
The blast of sand hits the gnoll!
The gnoll is almost dead.
The gnoll closely misses you.
The blast of sand hits the gnoll!
You kill the gnoll!
The gnoll barely misses you.
The gnoll hits you from afar with a +0 halberd!
You are out of magic!
You don't have enough magic to cast this spell.
Unknown command.
Aiming: Spit Poison (2% risk of failure)
Press: ? - help, Shift-Dir - straight line, f - gnoll
Aim: a gnoll, wielding a +0 halberd (65% to hit)
The splash of poison hits the gnoll!
The gnoll is heavily wounded.
The gnoll barely misses you.
Aiming: Sandblast (safe; 2% risk of failure)
Press: ? - help, Q - select action, (/) - cycle Shift-Dir - straight line, f/p - gnoll
Aim: a gnoll, wielding a +0 halberd (heavily wounded, 84% to hit)
The blast of sand hits the gnoll!
You kill the gnoll!
Your magical contamination has completely faded away.
You have reached level 4!
You feel agile.
You have got your breath back.
The gnoll barely misses you.
Aiming: Spit Poison (1% risk of failure)
Press: ? - help, Shift-Dir - straight line, f - gnoll
Aim: a gnoll, wielding a +0 halberd (65% to hit)
The splash of poison hits the gnoll.
The gnoll is heavily wounded.
The gnoll hits you from afar with a +0 halberd!
The gnoll hits you from afar with a +0 halberd!
You die...

#.......##.#.#
######.......#
#.###.### #.# #...
#######.##########
#................#
+...###.########.#
#. #.# #.# ..# #@#
.###########.#
...).))....g.#
##############


You could see a gnoll.

Vanquished Creatures
  3 gnolls (D:4)
  4 dart slugs (D:1)
  4 endoplasms
  A giant cockroach (D:1)
  4 goblins
  2 hobgoblins (D:1)
  A quokka (D:1)
  3 bats (D:1)
  2 frilled lizards (D:1)
  A kobold (D:1)
25 creatures vanquished.

Notes
Turn   | Place    | Note
-------+----------+-------------------------------------------
     0 | D:1      | SigmundSlayer the Naga Earth Elementalist began the quest
                  | for the Orb.
     0 | D:1      | Reached XP level 1. HP: 15/15 MP: 3/3
   221 | D:1      | Reached XP level 2. HP: 22/22 MP: 3/5
   537 | D:1      | Found a faded altar of an unknown god.
   629 | D:1      | Reached skill level 4 in Earth Magic
   722 | D:1      | Reached XP level 3. HP: 17/28 MP: 0/6
  1281 | D:2      | You fall into a shaft and drop 2 floors!
  1321 | D:4      | Reached XP level 4. HP: 21/36 MP: 0/7
  1326 | D:4      | Slain by a gnoll

Illustrated notes

Levels and vault maps discovered:
D:1:      amcnicky_arrival_blooded_trapdoor, layout_loops_ring,
          shapermc_ecumenical_altar_venn
D:2:      layout_loops_ring
D:4:      layout_basic, uniq_duvessa, uniq_crazy_yiuf_cottage

Skill      XL: |  1  2 |
---------------+-------+-----
Earth Magic    | 4 |  4.8
Dodging        | |  1.5
Stealth        | |  3.0
Spellcasting   | |  2.0
Transmutations | |  1.0

Action                   |  1- 3 |  4- 6 || total
-------------------------+-------+-------++-------
Melee: Unarmed           |     4 |       ||     4
 Cast: Sandblast         |    42 |       ||    42
 Abil: Spit Poison       |     2 |     1 ||     3
  Use: Scroll            |     1 |       ||     1
Armor: Robe              |     2 |       ||     2
Dodge: Dodged            |     7 |     1 ||     8

Table legend: (Time is in decaauts)
 A = Elapsed time spent in this place.
 B = Non-inter-level travel time spent in this place.
 C = Inter-level travel time spent in this place.
 D = Time resting spent in this place.
 E = Time spent auto-exploring this place.
 F = Levels seen in this place.
 G = Mean time per level.
                   A        B        C        D        E       F      G
               +--------+--------+--------+--------+--------+-----+--------+
         Total |   1616 |   1596 |     20 |    261 |   1114 |   3 |  538.7 |
       Dungeon |   1616 |   1596 |     20 |    261 |   1114 |   3 |  538.7 |
               +--------+--------+--------+--------+--------+-----+--------+

Top non-repeatable levels by time:
     D:1: 1345 daAuts
     D:2: 208 daAuts
     D:4: 61 daAuts
